 Dungeon Crawl Stone Soup version bcrawl-1.27.1d (webtiles) character file.

Game seed: 3614561838014207478

168030 zzzzzzzz the Digger (level 4, -2/36 HPs)
             Began as a Draconian Earth Elementalist on July 15, 2020.
             Slain by a gnoll
             ... wielding a +0 spear
              (5 damage)
             ... on level 2 of the Dungeon.
             The game lasted 00:08:24 (1510 turns).

zzzzzzzz the Digger (Draconian Earth Elementalist)  Turns: 1510, Time: 00:08:24

Health: -2/36      AC:  5    Str: 10    XL:     4   Next: 61%
Magic:  3/7        EV: 12    Int: 17    God:
Gold:   147        SH:  0    Dex: 11    Spells: 4/8 levels left

rFire    . . .     SeeInvis .     - Fists (3.0)
rCold    . . .     Gourm    .   (no shield)
rNeg     . . .     Faith    .   (armour unavailable)
rPois    .         Spirit   .   (helmet restricted)
rElec    .         Reflect  .   (no cloak)
rCorr    .         Harm     .   (no gloves)
MR       .....                  (no boots)
Stlth    ++........             (no amulet)
HPRegen  0.12/turn              (no ring)
MPRegen  0.10/turn              (no ring)

@: no status effects
A: unfitting armour, cold-blooded, AC +5
a: no special abilities


You were on level 2 of the Dungeon.
You were not hungry.

You visited 1 branch of the dungeon, and saw 2 of its levels.

You collected 147 gold pieces.

Inventory:

Missiles
 b - 2 stones
 j - 69 poisoned needles
 m - 124 javelins (quivered)
Potions
 a - a potion of cancellation
 d - a potion of curing {unknown}
 f - a potion of heal wounds {unknown}
 g - a potion of berserk rage {unknown}
 h - a potion of agility {unknown}
 i - a potion of ambrosia {unknown}
 k - a potion of brilliance {unknown}
Comestibles
 e - a ration {!d}


   Skills:
 + Level 1.9 Fighting
 + Level 2.5 Dodging
 + Level 2.8 Stealth
 + Level 2.6 Spellcasting
   Level 1.0 Transmutations
 + Level 3.5 Earth Magic


You had 4 spell levels left.
You knew the following spells:

 Your Spells              Type           Power        Failure   Level  Hunger
a - Sandblast             Erth           ##....       4%          1    None
b - Stone Arrow           Conj/Erth      #.....       26%         3    ####...

Your spell library contained the following spells:

 Spells                   Type           Power        Failure   Level  Hunger
 Passwall                 Tmut/Erth      ##......     11%         2    ##.....
 Petrify                  Tmut/Erth      ##........   56%         4    #####..
 Lee's Rapid Deconstruct  Erth           ##........   75%         5    #######


Dungeon Overview and Level Annotations

Branches:
Dungeon (2/12)

Altars:


Innate Abilities, Weirdness & Mutations

Your plain brown scales are hard. (AC +5)
You cannot fit into any form of body armour.
You are cold-blooded and may be slowed by cold attacks.


Message History

You don't have the energy to cast spells.
There isn't anything here!
You hit the gnoll but do no damage.
You lose consciousness!
The gnoll hits you.
The gnoll hits you from afar with a +0 spear.
The gnoll hits you.
The gnoll hits you from afar with a +0 spear.
The gnoll hits you. The gnoll hits you but does no damage.
Your magical contamination has completely faded away.
The gnoll hits you. The gnoll hits you but does no damage.
The gnoll barely misses you.
The gnoll hits you from afar with a +0 spear.
* * * LOW HITPOINT WARNING * * *
You can move again.
You eat one of the 2 rations {!d}.
That ration really hit the spot!
The gnoll hits you.
* * * LOW HITPOINT WARNING * * *
The gnoll hits you from afar with a +0 spear.
You die...

###.
##.#####
...
#......#
K.#
##.###.#
..# ### #.#
# #.# #
#######.#
#.##.##.#
#.......#
#.......#
#.#######
#.#######.#
#....gg@..#
###########


You could see 2 gnolls.

Vanquished Creatures
  A scorpion (D:2)
  2 gnolls (D:2)
  A worm (D:2)
  A dart slug (D:2)
  2 leopard geckos
  A giant cockroach (D:1)
  4 goblins (D:1)
  5 hobgoblins
  4 jackals (D:1)
  A ball python (D:2)
  6 bats (D:1)
  2 frilled lizards (D:1)
  4 kobolds
  3 rats (D:1)
37 creatures vanquished.

Notes
Turn   | Place    | Note
-------+----------+-------------------------------------------
     0 | D:1      | zzzzzzzz the Draconian Earth Elementalist began the quest
                  | for the Orb.
     0 | D:1      | Reached XP level 1. HP: 14/14 MP: 3/3
   215 | D:1      | Reached XP level 2. HP: 22/22 MP: 3/5
   418 | D:1      | Reached skill level 1 in Fighting
   569 | D:1      | Reached XP level 3. HP: 26/28 MP: 2/6
   574 | D:1      | Learned a level 3 spell: Stone Arrow
  1108 | D:2      | HP: 1/28 [worm (6)]
  1416 | D:2      | Noticed a scorpion
  1432 | D:2      | Killed a scorpion
  1432 | D:2      | Reached XP level 4. HP: 33/36 MP: 1/7
  1505 | D:2      | Paralysed by fainting for 5 turns
  1510 | D:2      | Slain by a gnoll

Skill      XL: |  1  2 |
---------------+-------+-----
Dodging        | 2 |  2.5
Fighting       | 1 |  1.9
Stealth        | |  2.8
Spellcasting   | |  2.6
Transmutations | |  1.0
Earth Magic    | |  3.5

Action                   |  1- 3 |  4- 6 || total
-------------------------+-------+-------++-------
Melee: Unarmed           |    74 |     1 ||    75
       Tailslap          |     8 |       ||     8
Throw: Javelin           |     9 |     9 ||    18
 Cast: Sandblast         |    30 |       ||    30
       Stone Arrow       |    12 |     1 ||    13
  Use: Scroll            |     3 |       ||     3
  Eat: Chunk             |     6 |       ||     6
       Ration            |       |     1 ||     1
Armor: Skin              |    29 |     4 ||    33
Dodge: Dodged            |    75 |     9 ||    84
